 Dungeon Crawl Stone Soup version 0.22.1-1-ga44c0e5 (webtiles) character file.

380962 michailiordanis the Slayer (level 21, -12/209 HPs)
             Began as a Minotaur Hunter on Sept 26, 2018.
             Was a High Priest of Okawaru.
             Mangled by a caustic shrike (18 damage)
             ... on level 4 of the Depths on Sept 29, 2018.
             The game lasted 11:54:37 (53243 turns).

michailiordanis the Slayer (Minotaur Hunter)       Turns: 53243, Time: 11:54:38

Health: -12/209    AC: 34    Str: 25    XL:     21   Next: 89%
Magic:  25/27      EV: 20    Int: 12    God:    Okawaru [*****.]
Gold:   2753       SH:  0    Dex: 19    Spells: 20/20 levels left

rFire    + + .     SeeInvis .   b - +12 trident "Dasm" {freeze, rN+ Str+4}
rCold    + . .     Gourm    .   (no shield)
rNeg     + + +     Faith    +   W - +3 plate armour {rF+}
rPois    +         Spirit   .   y - +2 hat
rElec    +         Reflect  .   u - +0 cloak "Qimnauj" {*Drain rElec rN++ Int+3}
rCorr    .         Harm     .   L - +3 pair of gauntlets of War {Slay+5}
MR       +....                  T - +0 pair of boots of Untruth {rPois Str+4 Int-4 Slay+2}
Stlth    ..........             q - amulet of faith
HPRegen  0.44/turn              w - ring "Oriemnaq" {+Blink AC+6 Int+5 Dex+3}
MPRegen  0.20/turn              S - ring "Nuxituny" {rPois rF+ rC+ Str-5 Stlth-}

@: heroism, finesse, flayed, corroded, very slightly contaminated, hasted, very
quick
A: retaliatory headbutt, horns 2
}: 2/15 runes: serpentine, barnacled
a: Heroism, Finesse, Renounce Religion, Evoke Blink


You were on level 4 of the Depths.
You worshipped Okawaru.
Okawaru was extremely pleased with you.
You were not hungry.

You visited 8 branches of the dungeon, and saw 39 of its levels.
You also visited: Labyrinth and Ossuary.

You collected 4848 gold pieces.
You spent 2095 gold pieces at shops.

Inventory:

Hand Weapons
 a - the +1 arbalest "Zupt" {freeze, +Inv rPois Str+5 Int-5}
   (Okawaru gifted it to you on level 6 of the Lair of Beasts)

   It causes projectiles fired from it to freeze those they strike, causing
   extra injury to most foes and up to half again as much damage against
   particularly susceptible opponents.
   They can also slow down cold-blooded creatures.
   It affects your strength (+5).
   It affects your intelligence (-5).
   It protects you from poison.
   It lets you turn invisible.
 b - the +12 trident "Dasm" (weapon) {freeze, rN+ Str+4}
   (You found it on level 5 of the Dungeon)

   It has been specially enchanted to freeze those struck by it, causing extra
   injury to most foes and up to half again as much damage against particularly
   susceptible opponents.
   It can also slow down cold-blooded creatures.
   It affects your strength (+4).
   It protects you from negative energy.
 k - a +1 lajatang of speed
 n - a +2 rapier of draining
 N - the +10 bardiche of Mutilation {freeze, rC+}
   (Okawaru gifted it to you on level 14 of the Dungeon)

   It has been specially enchanted to freeze those struck by it, causing extra
   injury to most foes and up to half again as much damage against particularly
   susceptible opponents.
   It can also slow down cold-blooded creatures.
   It protects you from cold.
Missiles
 d - 922 bolts
Armour
 p - a +2 buckler of fire resistance
 u - the +0 cloak "Qimnauj" (worn) {*Drain rElec rN++ Int+3}
   (Okawaru gifted it to you on level 2 of the Orcish Mines)

   It affects your intelligence (+3).
   It insulates you from electricity.
   It greatly protects you from negative energy.
   It causes draining when unequipped.
 y - a +2 hat (worn)
 L - the +3 pair of gauntlets of War (worn) {Slay+5}
   (You bought it in a shop on level 8 of the Dungeon)

   It affects your accuracy and damage with ranged weapons and melee attacks
   (+5).
 Q - the +1 faerie dragon scales {rF+ MR+ rCorr Str+2, unknown}
   (You took it off the Enchantress on level 4 of the Depths)

   It affects your strength (+2).
   It protects you from fire.
   It affects your resistance to hostile enchantments.
   It provides partial protection from all sources of acid and corrosion.
 T - the +0 pair of boots of Untruth (worn) {rPois Str+4 Int-4 Slay+2}
   (Okawaru gifted it to you on level 13 of the Dungeon)

   It affects your strength (+4).
   It affects your intelligence (-4).
   It affects your accuracy and damage with ranged weapons and melee attacks
   (+2).
   It protects you from poison.
 W - a +3 plate armour of fire resistance (worn)
Magical Staves
 O - an uncursed staff of wizardry
Jewellery
 o - the ring of Lyhyl {-Tele rPois rF+ AC+2 SInv}
   (You took it off a merfolk impaler on level 4 of the Shoals)

   [ring of protection]

   It affects your AC (+2).
   It protects you from fire.
   It protects you from poison.
   It lets you see invisible.
   It prevents most forms of teleportation.
 q - an amulet of faith (around neck)
 w - the ring "Oriemnaq" (left hand) {+Blink AC+6 Int+5 Dex+3}
   (You took it off a vampire mage on level 2 of the Depths)

   [ring of protection]

   It affects your AC (+6).
   It affects your intelligence (+5).
   It affects your dexterity (+3).
   It lets you blink.
 x - the ring of Dahuilapeo {-Tele rF++ rN+++ Int-5 Slay+4}
   (You took it off a fire giant on level 2 of the Depths)

   [ring of slaying]

   It affects your intelligence (-5).
   It affects your accuracy and damage with ranged weapons and melee attacks
   (+4).
   It greatly protects you from fire.
   It renders you almost immune to negative energy.
   It prevents most forms of teleportation.
 z - the ring of Iskac {rCorr *Drain +Blink rPois Stlth+}
   (You took it off a frost giant on level 2 of the Depths)

   [ring of resist corrosion]

   It protects you from poison.
   It lets you blink.
   It causes draining when unequipped.
   It makes you more stealthy.
 P - an uncursed ring of fire {unknown}
 S - the ring "Nuxituny" (right hand) {rPois rF+ rC+ Str-5 Stlth-}
   (You took it off a frost giant on level 2 of the Depths)

   [ring of attention]

   It affects your strength (-5).
   It protects you from fire.
   It protects you from cold.
   It protects you from poison.
   It makes you less stealthy.
 Z - an uncursed ring of protection from magic
Wands
 j - a wand of iceblast (21)
 s - a wand of scattershot (5)
 G - a wand of paralysis (2)
 K - a wand of acid (11)
 U - a wand of flame (142)
 Y - a wand of disintegration (92)
Scrolls
 e - 24 scrolls of remove curse
 i - 5 scrolls of silence
 v - 2 scrolls of magic mapping
 B - 16 scrolls of teleportation
 C - 3 scrolls of holy word
 D - 4 scrolls of fog
 E - 11 scrolls of identify
 H - 2 scrolls of fear
Potions
 h - 7 potions of agility
 l - 8 potions of curing
 t - 5 potions of flight
 A - 7 potions of might
 I - 3 potions of haste
 J - 4 potions of cancellation
 M - 2 potions of resistance
Miscellaneous
 c - 2 boxes of beasts
 m - 2 sacks of spiders
 F - a phial of floods
 V - a lamp of fire
Comestibles
 f - 66 rations


   Skills:
 * Level 22.4(27) Fighting
   Level 0.2(5.2) Maces & Flails
 - Level 21.0(26.0) Polearms
 + Level 13.4(18.4) Crossbows
 - Level 22.0(27) Armour
 + Level 12.4(17.4) Dodging
 - Level 2.0(7.0) Stealth
 + Level 10.5 Invocations
 + Level 10.4 Evocations


You had 20 spell levels left.
You didn't know any spells.
Your spell library contained the following spells:

 Spells                   Type           Power        Failure   Level  Hunger
 Animate Skeleton         Necr           N/A          73%         1    ##.....
 Apportation              Tloc           #.....       73%         1    ##.....
 Beastly Appendage        Tmut           #.....       73%         1    ##.....
 Confusing Touch          Hex            #.....       73%         1    ##.....
 Corona                   Hex            #......      73%         1    ##.....
 Flame Tongue             Conj/Fire      #....        73%         1    ##.....
 Pain                     Necr           #...         73%         1    ##.....
 Sandblast                Erth           #.....       73%         1    ##.....
 Summon Butterflies       Summ           #.......     73%         1    ##.....
 Summon Small Mammal      Summ           #...         73%         1    ##.....
 Corpse Rot               Necr           N/A          86%         2    ###....
 Ensorcelled Hibernation  Hex/Ice        #.....       86%         2    ###....
 Passwall                 Tmut/Erth      #.......     86%         2    ###....
 Poisonous Vapours        Pois/Air       #.....       86%         2    ###....
 Searing Ray              Conj           #.....       86%         2    ###....
 Song of Slaying          Chrm           #.......     86%         2    ###....
 Sticks to Snakes         Tmut           #.......     86%         2    ###....
 Sublimation of Blood     Necr           #.........   86%         2    ###....
 Throw Flame              Conj/Fire      #.....       86%         2    ###....
 Call Canine Familiar     Summ           #.......     97%         3    ####...
 Confuse                  Hex            #.......     97%         3    ####...
 Conjure Flame            Conj/Fire      #.......     97%         3    ####...
 Dazzling Spray           Conj/Hex       #.....       97%         3    ####...
 Gell's Gravitas          Tloc           #.........   97%         3    ####...
 Ignite Poison            Fire/Tmut/Pois #.......     97%         3    ####...
 Inner Flame              Hex/Fire       #.......     97%         3    ####...
 Mephitic Cloud           Conj/Pois/Air  #.......     97%         3    ####...
 Recall                   Summ/Tloc      N/A          97%         3    ####...
 Regeneration             Chrm/Necr      #.........   97%         3    ####...
 Spectral Weapon          Hex/Chrm       #.......     97%         3    ####...
 Spider Form              Tmut/Pois      #.........   97%         3    ####...
 Static Discharge         Conj/Air       #.......     97%         3    ####...
 Stone Arrow              Conj/Erth      #.....       97%         3    ####...
 Tukima's Dance           Hex            #.......     97%         3    ####...
 Vampiric Draining        Necr           #.........   97%         3    ####...
 Airstrike                Air            #.........   100%        4    #####..
 Animate Dead             Necr           N/A          100%        4    #####..
 Ice Form                 Ice/Tmut       #.......     100%        4    #####..
 Leda's Liquefaction      Hex/Erth       #.........   100%        4    #####..
 Petrify                  Tmut/Erth      #.......     100%        4    #####..
 Sticky Flame             Conj/Fire      #.......     100%        4    #####..
 Summon Ice Beast         Ice/Summ       #.......     100%        4    #####..
 Summon Lightning Spire   Summ/Air       #.......     100%        4    #####..
 Alistair's Intoxication  Tmut/Pois      #.......     100%        5    ######.
 Aura of Abjuration       Summ           #.........   100%        5    ######.
 Blade Hands              Tmut           #.........   100%        5    ######.
 Fireball                 Conj/Fire      #.........   100%        5    ######.
 Irradiate                Conj/Tmut      #.........   100%        5    ######.
 Lee's Rapid Deconstruct  Erth           #.........   100%        5    ######.
 Lightning Bolt           Conj/Air       #.........   100%        5    ######.
 Metabolic Englaciation   Hex/Ice        #.........   100%        5    ######.
 Silence                  Hex/Air        #.........   100%        5    ######.
 Summon Demon             Summ           #.........   100%        5    ######.
 Summon Forest            Summ/Tloc      #.........   100%        5    ######.
 Summon Mana Viper        Hex/Summ       #.......     100%        5    ######.
 Yara's Violent Unravell  Hex/Tmut       #.........   100%        5    ######.
 Bolt of Fire             Conj/Fire      #.........   100%        6    #######
 Conjure Ball Lightning   Conj/Air       #.........   100%        6    #######
 Deflect Missiles         Chrm/Air       #.........   100%        6    #######
 Freezing Cloud           Conj/Ice/Air   #.........   100%        6    #######
 Iron Shot                Conj/Erth      #.........   100%        6    #######
 Shadow Creatures         Summ           N/A          100%        6    #######
 Statue Form              Tmut/Erth      #........    100%        6    #######
 Haunt                    Necr/Summ      #.........   100%        7    #######
 Ring of Flames           Chrm/Fire      #.........   100%        7    #######
 Summon Hydra             Summ           #.........   100%        7    #######
 Borgnjor's Revivificati  Necr           #.........   100%        8    #######
 Death's Door             Chrm/Necr      #.........   100%        8    #######
 Ignition                 Fire           #.........   100%        8    #######
 Infestation              Necr           #.........   100%        8    #######
 Necromutation            Tmut/Necr      #.........   100%        8    #######
 Shatter                  Erth           #.........   100%        9    #######
 Tornado                  Air            #.........   100%        9    #######


Dungeon Overview and Level Annotations

Branches:
Dungeon (15/15)            Temple (1/1) D:5            Lair (6/6) D:10
 Shoals (4/4) Lair:2        Snake (4/4) Lair:3        Slime (0/5) Lair:6
    Orc (2/2) D:12            Elf (3/3) Orc:2        Vaults (0/5) D:13
 Depths (4/5) D:15

Altars:
Ashenzari
Cheibriados
Dithmenos
Elyvilon
Fedhas
Gozag
Hepliaklqana
Kikubaaqudgha
Makhleb
Nemelex Xobeh
Okawaru
Qazlal
Ru
Sif Muna
Trog
Uskayaw
Vehumet
Wu Jian
Xom
Yredelemnul
Zin
The Shining One
Beogh
Jiyva

Shops:
D:8 [   D:9 :!%   Orc:1 (:   Orc:2 (:[*   Elf:1 !   Elf:2 %   Elf:3 =
Shoals:3 ?   Snake:2 *   Snake:4 **   Depths:1 [

Portals:
Hell: Depths:1 Depths:2 Depths:3 Depths:4
Abyss: Depths:2 Depths:4
Pandemonium: Depths:3 Depths:4
Ziggurat: Depths:1
Trove: D:10 (give +2 gold dragon scales)

Annotations:
Lair:4 1 runed door, Jaiteiro's ghost, journeyman VSFi
Snake:4 3 runed doors, exclusion: obsidian statue, Uwuur's ghost, adept GrFi


Innate Abilities, Weirdness & Mutations

You reflexively headbutt those who attack you in melee.
You have a pair of horns on your head.


Message History

* * * LOW HITPOINT WARNING * * *
You are splashed with acid!
The acid burns!
* * * LOW HITPOINT WARNING * * *
The flayed ghost cries, "Feel what I felt!"
Terrible wounds spread across more of your body!
* * * LOW HITPOINT WARNING * * *
You feel better. The caustic shrike claws you!
* * * LOW HITPOINT WARNING * * *
You are splashed with acid!
The acid burns!
* * * LOW HITPOINT WARNING * * *
The caustic shrike claws you.
* * * LOW HITPOINT WARNING * * *
You are splashed with acid!
The acid burns!
* * * LOW HITPOINT WARNING * * *
Okay, then.
Okay, then.
Okay, then.
You blink.
You feel slightly more hungry.
You feel yourself speed up. The caustic shrike claws you!!
You die...

##......####..).)##...).##
##..≈≈.###.....)[)''...##..
##>.8≈.##....⌠.....''....#⌠#
##..§≈.##...........##.......
##..8≈)##.......############..
##.§§≈.###.....###...[..... ###
#...≈.###''..###.#......... #
##....##..''###...§†...88...
#....##....###.@b..#........
#....#.....##.##...#''####++#
###'.##....##.#...###..(##...###
#..'##.##).#..#..##.....W)(b..(#
#.=..#.#..##....###.....''.(...#
....##.⌠..#....##
++....##..((''# ....#.##.###'..#
+##########''( ..#.#.#..#..)###
W( ..#.#....#....# .


You could see a caustic shrike.

Vanquished Creatures
  5 caustic shrikes (Depths:4)
  Saint Roka (Snake:4)
  Nikola (Elf:1)
  A golden dragon (Depths:4)
  the Enchantress (Depths:4)
  3 liches
  A tentacled monstrosity (Depths:3)
  Asterion (Elf:1)
  Polyphemus (Shoals:3)
  A deep elf master archer (Elf:3)
  A titan (Shoals:3)
  A kraken (Shoals:1)
  Gastronok (D:8)
  Roxanne (Elf:1)
  2 tengu reavers (Depths:2)
  Ilsuiw (Shoals:3)
  6 fire giants
  11 nagarajas
  2 iron dragons
  6 deep elf sorcerers
  An orc warlord (Orc:2)
  7 frost giants
  The ghost of Peqecigann the Executioner, a journeyman MiBe of Trog (Orc:1)
  12 very ugly things
  6 deep elf elementalists (Elf:3)
  3 spriggan defenders (Depths:4)
  9 stone giants
  4 vampire knights
  An entropy weaver (shapeshifter) (Depths:3)
  3 deep elf demonologists (Elf:3)
  A minotaur (Lab)
  6 deep elf annihilators (Elf:3)
  2 spark wasps
  Azrael (D:14)
  2 merfolk javelineers
  2 fire dragons (Depths:2)
  11 merfolk impalers
  6 ettins
  Josephine (Orc:2)
  The ghost of torrenera the Martial Artist, a journeyman DsMo of Okawaru (Lair:2)
  5 yaktaur captains
  3 deep elf high priests
  3 great orbs of eyes
  The ghost of Garbasso the Transmogrifier, a journeyman TrTm of Hepliaklqana (Lair:2)
  2 vault guards (D:13)
  5 ice dragons
  10 hydras
  A death knight (D:15)
  3 merfolk avatars
  A spriggan air mage (Depths:4)
  18 naga warriors
  The ghost of emiel the Thaumaturge, a journeyman OpFE of Vehumet (Lair:2)
  5 centaur warriors
  2 catoblepae
  7 two-headed ogres
  13 anacondas
  30 dancing weapons
  4 alligator snapping turtles
  6 deep troll shamans
  Erica (Lair:1)
  12 merfolk aquamancers
  2 ogre magi
  An orc high priest (Orc:2)
  8 death yaks
  4 tengu warriors
  4 deep troll earth magi
  2 vampire magi
  17 spriggans
  8 shock serpents
  16 naga sharpshooters
  14 deep elf knights
  4 spriggan berserkers
  5 hell knights (Depths:4)
  Nergalle (Lair:1)
  6 skeletal warriors
  7 salamander mystics (Snake:4)
  13 sea snakes
  3 iron trolls
  4 wizards
  11 deep trolls
  4 unseen horrors
  2 flayed ghosts (Depths:4)
  4 phantasmal warriors (Depths:1)
  7 harpies
  14 deep elf archers
  4 necromancers
  8 mana vipers
  9 naga ritualists
  50 deep elf magi
  5 orc knights (Orc:2)
  5 orc sorcerers
  31 ugly things
  17 manticores
  5 salamanders
  6 cyclopes
  A manticore (shapeshifter) (Elf:1)
  15 fauns
  3 elephants (Lair:4)
  9 merfolk sirens
  39 black mambas
  9 guardian serpents
  3 orange demons (Elf:3)
  14 naga magi
  5 water nymphs
  A spiny frog (shapeshifter) (Depths:2)
  A gargoyle (D:14)
  8 spiny frogs
  A kobold demonologist (D:11)
  17 yaktaurs
  3 freezing wraiths (D:15)
  5 spectral swamp worms (Depths:3)
  7 rime drakes
  An ice devil (Depths:2)
  8 komodo dragons
  36 merfolk
  2 tengu conjurers
  5 trolls
  A hornet (shapeshifter) (Depths:4)
  Grinder (D:3)
  A tyrant leech (shapeshifter) (Depths:2)
  7 wind drakes
  5 hornets
  5 polar bears
  7 dream sheep
  7 blink frogs (Lair:6)
  10 slime creatures
  16 snapping turtles
  12 hippogriffs
  2 air elementals
  15 yaks
  A shadow (D:14)
  A redback (shapeshifter) (Depths:2)
  24 water elementals
  6 wraiths
  2 wyverns
  19 humans
  2 basilisks (shapeshifter)
  3 hogs (D:8)
  4 fire elementals
  A hog (shapeshifter) (Elf:3)
  2 basilisks
  2 steam dragons (Shoals:1)
  44 nagas
  2 hungry ghosts
  4 wargs (Orc:2)
  A soldier ant (D:13)
  An acid dragon (D:12)
  An acid dragon (shapeshifter) (Depths:1)
  8 water moccasins
  4 hell hounds (D:14)
  8 porcupines
  32 orc warriors
  4 ice beasts
  A hornet zombie (D:15)
  2 sky beasts
  A black bear (shapeshifter) (Depths:2)
  3 black bears (Lair:6)
  3 phantoms
  An eye of draining (D:9)
  A necrophage (D:12)
  35 wolves
  13 ogres
  20 centaurs
  5 boggarts (Lair:6)
  19 crocodiles
  3 big kobolds
  3 earth elementals
  9 bullfrogs
  A gnoll sergeant (D:12)
  2 wyvern skeletons
  A hornet simulacrum (D:14)
  6 killer bees (D:7)
  10 scorpions
  A howler monkey (D:6)
  7 wights
  2 electric eels
  7 crimson imps
  A bullfrog zombie (D:5)
  A centaur zombie (D:9)
  18 orc priests
  2 bullfrog skeletons
  7 hounds
  5 jellies
  33 orc wizards
  Jessica (D:3)
  6 centaur skeletons
  4 iguanas
  12 worker ants
  Terence (D:2)
  7 hell rats (Lair:3)
  A hound zombie (D:9)
  A hound skeleton (D:5)
  8 mummies (Ossuary)
  4 gnolls (D:12)
  A howler monkey skeleton (D:8)
  12 adders
  2 shadow imps
  A white imp (Depths:3)
  An ooze (shapeshifter) (Elf:3)
  2 oozes (Lair:6)
  3 adder skeletons
  3 worms
  2 leopard geckos
  101 orcs
  6 bats
  8 giant cockroaches
  3 gnoll zombies (Ossuary)
  6 goblins
  7 hobgoblins
  21 jackals
  19 kobolds
  4 quokkas
  2 ball pythons
  3 frilled lizards
  3 kobold zombies (Ossuary)
  2 orc zombies (Ossuary)
  A quokka skeleton (D:8)
  19 rats
  2 fungi
  3 plants
  3 tentacles (Shoals:1)
1528 creatures vanquished.

Vanquished Creatures (others)
  4 fungi
  4 plants
  A tentacle (Shoals:1)
  4 withered plants (Lair:2)
13 creatures vanquished.

Grand Total: 1541 creatures vanquished

Notes
Turn   | Place    | Note
-------+----------+-------------------------------------------
     0 | D:1      | michailiordanis the Minotaur Hunter began the quest for the
                  | Orb.
     0 | D:1      | Reached XP level 1. HP: 18/18 MP: 0/0
    67 | D:1      | Reached XP level 2. HP: 25/25 MP: 1/1
    97 | D:1      | Reached skill level 5 in Crossbows
   308 | D:1      | Reached skill level 1 in Armour
   330 | D:1      | Reached XP level 3. HP: 30/30 MP: 2/2
  1327 | D:2      | Noticed Terence
  1330 | D:2      | Killed Terence
  1330 | D:2      | Reached XP level 4. HP: 38/38 MP: 3/3
  1345 | D:2      | Found a blossoming altar of Fedhas.
  1347 | D:2      | Found a hide-covered altar of Uskayaw.
  1347 | D:2      | Found an ornate altar of the Wu Jian Council.
  1348 | D:2      | Found a hazy altar of Hepliaklqana.
  1821 | D:3      | Noticed Jessica
  1824 | D:3      | Killed Jessica
  1824 | D:3      | Reached XP level 5. HP: 45/45 MP: 4/4
  1998 | D:3      | Found a bloodstained altar of Trog.
  2278 | D:3      | Noticed Grinder
  2279 | D:3      | Paralysed by Grinder for 3 turns
  2319 | D:3      | Killed Grinder
  2319 | D:3      | Reached XP level 6. HP: 31/52 MP: 5/5
  3050 | D:3      | Reached XP level 7. HP: 17/60 MP: 6/6
  3567 | D:4      | Found a sparkling altar of Nemelex Xobeh.
  3571 | D:4      | Found a sacrificial altar of Ru.
  3574 | D:4      | Found an iron altar of Okawaru.
  3878 | D:5      | Entered Level 5 of the Dungeon
  4000 | D:5      | Reached skill level 5 in Fighting
  4143 | D:5      | Found a staircase to the Ecumenical Temple.
  4149 | Temple   | Entered the Ecumenical Temple
  4572 | D:4      | Became a worshipper of Warmaster Okawaru
  4745 | D:5      | Got an ancient trident
  4746 | D:5      | Identified the +12 trident "Dasm" {freeze, rN+ Str+4} (You
                  | found it on level 5 of the Dungeon)
  4750 | D:5      | Found a glowing golden altar of the Shining One.
  4979 | D:6      | Reached skill level 1 in Polearms
  4987 | D:6      | Reached XP level 8. HP: 65/69 MP: 7/7
  5039 | D:6      | Reached skill level 5 in Dodging
  5045 | D:6      | Reached skill level 5 in Armour
  5202 | D:6      | Reached skill level 1 in Invocations
  5204 | D:6      | Reached * piety under Okawaru
  5689 | D:7      | Reached skill level 5 in Polearms
  5692 | D:7      | Reached XP level 9. HP: 45/78 MP: 9/9
  5698 | D:7      | Reached ** piety under Okawaru
  6082 | D:7      | Found a burning altar of Makhleb.
  6562 | D:8      | Got a faintly humming robe
  6679 | D:8      | Noticed a two-headed ogre
  6691 | D:8      | Killed a two-headed ogre
  6691 | D:8      | Reached *** piety under Okawaru
  6735 | D:8      | Found Geass's Armour Emporium.
  6890 | D:8      | Found a sand-covered staircase.
  6895 | Ossuary  | Entered an ossuary
  7174 | D:8      | Reached XP level 10. HP: 88/88 MP: 10/12
  7195 | D:8      | Noticed a two-headed ogre
  7210 | D:8      | Killed a two-headed ogre
  7210 | D:8      | Reached **** piety under Okawaru
  7437 | D:8      | Bought the +3 pair of gauntlets of War {Slay+5} for 475
                  | gold pieces
  7437 | D:8      | Found the +3 pair of gauntlets of War {Slay+5}
  7632 | D:8      | Noticed Gastronok
  7652 | D:8      | Killed Gastronok
  7652 | D:8      | Received a gift from Okawaru
  7652 | D:8      | Reached skill level 5 in Invocations
  7920 | D:8      | Reached ***** piety under Okawaru
  8171 | D:8      | Received a gift from Okawaru
  8171 | D:8      | Reached skill level 10 in Crossbows
  8334 | D:9      | Found a shimmering altar of Xom.
  8413 | D:9      | Found Lumpakeu's Food Boutique.
  8458 | D:9      | Found Axzux's Distillery.
  8573 | D:9      | Reached XP level 11. HP: 97/97 MP: 9/14
  8590 | D:9      | Noticed a centaur warrior
  8596 | D:9      | Reached skill level 10 in Polearms
  8601 | D:9      | Killed a centaur warrior
  8601 | D:9      | Received a gift from Okawaru
  8616 | D:9      | Found Fonolib's Book Emporium.
  8729 | D:9      | Received a gift from Okawaru
  8936 | D:10     | Entered Level 10 of the Dungeon
  8938 | D:10     | Noticed a two-headed ogre
  8949 | D:10     | Killed a two-headed ogre
  9051 | D:10     | Received a gift from Okawaru
  9089 | D:10     | Found a staircase to the Lair.
  9474 | D:10     | Found a portal to a secret trove of treasure.
  9917 | D:10     | Identified the +3 robe of Grace {*Corrode +Blink Str+4
                  | SInv} (You found it on level 8 of the Dungeon)
 10430 | D:11     | Reached skill level 10 in Fighting
 10430 | D:11     | Reached skill level 1 in Stealth
 10591 | D:12     | Noticed a skeletal warrior
 10602 | D:12     | Killed a skeletal warrior
 10602 | D:12     | Received a gift from Okawaru
 10602 | D:12     | Reached skill level 1 in Evocations
 10608 | D:12     | Noticed a skeletal warrior
 10615 | D:12     | Noticed a skeletal warrior
 10617 | D:12     | Noticed a skeletal warrior
 10618 | D:12     | Noticed a skeletal warrior
 10638 | D:12     | Killed a skeletal warrior
 10855 | D:12     | Killed a skeletal warrior
 10862 | D:12     | Killed a skeletal warrior
 10862 | D:12     | Received a gift from Okawaru
 10868 | D:12     | Killed a skeletal warrior
 10868 | D:12     | Reached XP level 12. HP: 96/106 MP: 11/16
 10913 | D:12     | Reached skill level 10 in Armour
 10988 | D:12     | Found a staircase to the Orcish Mines.
 11380 | D:12     | Received a gift from Okawaru
 11937 | D:13     | Received a gift from Okawaru
 11938 | D:13     | Got a pair of smoking boots {god gift}
 11949 | D:13     | Identified the +0 pair of boots of Untruth {rPois Str+4
                  | Int-4 Slay+2} (Okawaru gifted it to you on level 13 of the
                  | Dungeon)
 11976 | D:13     | Noticed a tengu warrior
 11976 | D:13     | Noticed a tengu warrior
 11980 | D:13     | Killed a tengu warrior
 11985 | D:13     | Killed a tengu warrior
 11985 | D:13     | Reached ****** piety under Okawaru
 12279 | D:13     | Found a gate to the Vaults.
 12279 | D:13     | Noticed a vault guard
 12279 | D:13     | Noticed a vault guard
 12288 | D:13     | Killed a vault guard
 12294 | D:13     | Killed a vault guard
 12361 | D:13     | Noticed a seven-headed hydra
 12367 | D:13     | Killed a seven-headed hydra
 12540 | D:13     | Reached XP level 13. HP: 116/116 MP: 18/18
 12909 | D:14     | Noticed Azrael
 12921 | D:14     | Killed Azrael
 12921 | D:14     | Received a gift from Okawaru
 12934 | D:14     | Got a brightly glowing bardiche {god gift}
 12935 | D:14     | Identified the +10 bardiche of Mutilation {freeze, rC+}
                  | (Okawaru gifted it to you on level 14 of the Dungeon)
 13513 | D:14     | Received a gift from Okawaru
 13514 | D:14     | Got a bone lajatang {god gift}
 13515 | D:14     | Identified the +6 lajatang of Wisdom {holy, Int+3} (Okawaru
                  | gifted it to you on level 14 of the Dungeon)
 13645 | Lair:1   | Entered Level 1 of the Lair of Beasts
 13794 | Lair:1   | Noticed Erica
 13799 | Lair:1   | Killed Erica
 13961 | Lair:1   | Noticed Nergalle
 13972 | Lair:1   | Killed Nergalle
 14617 | Lair:2   | Found a runed gate.
 14617 | Lair:2   | Found a runed gate.
 14617 | Lair:2   | Found a runed gate.
 14621 | Lair:2   | Noticed torrenera's ghost (journeyman DsMo)
 14621 | Lair:2   | Noticed emiel's ghost (journeyman OpFE)
 14622 | Lair:2   | Noticed Garbasso's ghost (journeyman TrTm)
 14873 | Lair:2   | Found a staircase to the Shoals.
 15303 | Lair:3   | Received a gift from Okawaru
 15519 | Lair:3   | Found a staircase to the Snake Pit.
 15852 | Lair:3   | Reached XP level 14. HP: 127/127 MP: 20/20
 16312 | Lair:4   | Found a runed door.
 16316 | Lair:4   | Noticed Jaiteiro's ghost (journeyman VSFi)
 16830 | Lair:4   | Reached skill level 10 in Invocations
 17508 | Lair:5   | Received a gift from Okawaru
 18235 | Lair:6   | Entered Level 6 of the Lair of Beasts
 18235 | Lair:6   | Found a labyrinth entrance.
 18250 | Lair:6   | Received a gift from Okawaru
 18257 | Lab      | Entered a labyrinth
 18485 | Lab      | Got a crystal hunting sling
 18588 | Lair:6   | Identified the +9 hunting sling "Esty" {velocity, +Inv rC+}
                  | (You found it in a labyrinth)
 18704 | Lair:6   | Received a gift from Okawaru
 18725 | Lair:6   | Got a faintly glowing bardiche {god gift}
 18947 | Lair:6   | Reached skill level 15 in Polearms
 19312 | Lair:6   | Received a gift from Okawaru
 19322 | Lair:6   | Got a steaming arbalest {god gift}
 19323 | Lair:6   | Lost intelligence.
 19323 | Lair:6   | Identified the +1 arbalest "Zupt" {freeze, +Inv rPois Str+5
                  | Int-5} (Okawaru gifted it to you on level 6 of the Lair of
                  | Beasts)
 19328 | Lair:6   | Paralysed by a hornet for 1 turns
 19900 | Lair:6   | Found a viscous altar of Jiyva.
 19901 | Lair:6   | Found a runed door.
 19902 | Lair:6   | Found a staircase to the Slime Pits.
 20053 | Lair:6   | Identified the +1 bardiche of the Candelabrum {holy, rF+}
                  | (Okawaru gifted it to you on level 6 of the Lair of Beasts)
 20575 | Orc:1    | Entered Level 1 of the Orcish Mines
 20648 | Orc:1    | Found Osadd's Antique Weapon Emporium.
 20664 | Orc:1    | Found Ovyfeo's Book Shoppe.
 20682 | Orc:1    | Bought a translucent hand crossbow for 280 gold pieces
 20682 | Orc:1    | Lost intelligence.
 20682 | Orc:1    | Identified the +5 hand crossbow of the Present {velocity,
                  | +Fly rElec Int-4 SInv} (You bought it in a shop on level 1
                  | of the Orcish Mines)
 20749 | Orc:2    | Entered Level 2 of the Orcish Mines
 20886 | Orc:2    | Noticed Josephine
 20889 | Orc:2    | Killed Josephine
 20889 | Orc:2    | Received a gift from Okawaru
 20890 | Orc:2    | Got a smoking cloak {god gift}
 20919 | Orc:2    | Identified the +0 cloak "Qimnauj" {*Drain rElec rN++ Int+3}
                  | (Okawaru gifted it to you on level 2 of the Orcish Mines)
 21066 | Orc:2    | Reached XP level 15. HP: 121/139 MP: 21/21
 21338 | Orc:2    | Noticed an orc warlord
 21341 | Orc:2    | Paralysed by an orc sorcerer for 5 turns
 21389 | Orc:2    | Killed an orc warlord
 21412 | Orc:2    | Found a roughly hewn altar of Beogh.
 21460 | Orc:2    | Found Ytzeip's Antique Armour Shoppe.
 21473 | Orc:2    | Found Motyu's General Store.
 21532 | Orc:2    | Found Xaestruf's Antique Weapon Shoppe.
 21544 | Orc:2    | Found Cukaqext's Book Shoppe.
 21616 | Orc:2    | Bought an embroidered hat for 224 gold pieces
 21677 | Orc:2    | Found a staircase to the Elven Halls.
 21753 | Orc:2    | Reached skill level 15 in Fighting
 22328 | Orc:1    | Found a large runed door.
 22328 | Orc:1    | Found a large runed door.
 22329 | Orc:1    | Noticed Peqecigann's ghost (journeyman MiBe)
 22367 | Orc:1    | Killed Peqecigann's ghost
 22516 | Orc:1    | Found a shimmering altar of Xom.
 22832 | D:15     | Entered Level 15 of the Dungeon
 23671 | D:15     | Found a staircase to the Depths.
 24436 | Snake:1  | Entered Level 1 of the Snake Pit
 24440 | Snake:1  | Received a gift from Okawaru
 24606 | Snake:1  | Received a gift from Okawaru
 25383 | Snake:2  | Found Bayn's Assorted Antiques.
 25385 | Snake:2  | Reached skill level 15 in Armour
 25430 | Snake:2  | Noticed a nagaraja
 25439 | Snake:2  | Killed a nagaraja
 25615 | Snake:2  | Bought a scroll of identify for 78 gold pieces
 25615 | Snake:2  | Bought a scroll of identify for 78 gold pieces
 25720 | Snake:2  | Received a gift from Okawaru
 25720 | Snake:2  | Reached XP level 16. HP: 145/154 MP: 22/22
 26075 | Snake:3  | Got a shimmering dire flail
 26117 | Snake:3  | Received a gift from Okawaru
 27167 | Snake:3  | Identified the +4 dire flail of Fedhas's Regard {freeze,
                  | +Blink} (You found it on level 3 of the Snake Pit)
 27204 | Snake:3  | Reached skill level 10 in Dodging
 27556 | Snake:4  | Entered Level 4 of the Snake Pit
 27566 | Snake:4  | Noticed Saint Roka
 27914 | Snake:4  | Killed Saint Roka
 27967 | Snake:4  | Found a sacrificial altar of Ru.
 27983 | Snake:4  | Received a gift from Okawaru
 28151 | Snake:4  | Received a gift from Okawaru
 28154 | Snake:4  | Got a steaming halberd {god gift}
 28167 | Snake:4  | Identified the +8 halberd of Success {drain, rC+ rN+}
                  | (Okawaru gifted it to you on level 4 of the Snake Pit)
 28397 | Snake:4  | Got a shimmering flail
 28398 | Snake:4  | Identified the cursed +3 flail of the Fray {crush, *Slow
                  | rElec MP+9 Stlth+} (You found it on level 4 of the Snake
                  | Pit)
 28635 | Snake:4  | Received a gift from Okawaru
 28635 | Snake:4  | Reached XP level 17. HP: 84/166 MP: 18/23
 28661 | Snake:4  | Got a bloodstained ring mail {god gift}
 29053 | Snake:4  | Found a runed gate.
 29053 | Snake:4  | Found a runed gate.
 29053 | Snake:4  | Found a runed gate.
 29071 | Snake:4  | Found Ustrirgh's Assorted Antiques.
 29085 | Snake:4  | Noticed Uwuur's ghost (adept GrFi)
 29093 | Snake:4  | Found an opulent altar of Gozag.
 29264 | Snake:4  | Received a gift from Okawaru
 29364 | Snake:4  | Received a gift from Okawaru
 29825 | Snake:4  | Got a serpentine rune of Zot
 29958 | Snake:4  | Found Atephaci's Assorted Antiques.
 30099 | Lair:2   | Identified the +1 ring mail of Anaesthesia {+Inv rF- Int+5}
                  | (Okawaru gifted it to you on level 4 of the Snake Pit)
 30193 | Shoals:1 | Entered Level 1 of the Shoals
 30636 | Shoals:1 | Noticed a kraken
 30650 | Shoals:1 | Killed a kraken
 31483 | Lair:2   | Killed Garbasso's ghost
 31491 | Lair:2   | Killed torrenera's ghost
 31495 | Lair:2   | Killed emiel's ghost
 31504 | Lair:2   | Identified the Papyrus of Vitriolic Flames
 31525 | Lair:2   | Got a fine rapier
 31530 | Lair:2   | Identified the +3 rapier "Killer Klown's Peril" {drain,
                  | *Slow rF+ Int-3 Dex+5} (You found it on level 2 of the Lair
                  | of Beasts)
 31723 | Elf:1    | Entered Level 1 of the Elven Halls
 31749 | Elf:1    | Received a gift from Okawaru
 31818 | Elf:1    | Noticed Nikola
 31827 | Elf:1    | Killed Nikola
 31827 | Elf:1    | Reached XP level 18. HP: 151/179 MP: 24/24
 31843 | Elf:1    | Received a gift from Okawaru
 32170 | Elf:1    | Noticed Asterion
 32191 | Elf:1    | Killed Asterion
 32829 | Elf:1    | Noticed Roxanne
 32842 | Elf:1    | Killed Roxanne
 32988 | Elf:1    | Identified Roxanne's Guide on the Rocks (You took it off
                  | Roxanne on level 1 of the Elven Halls)
 33160 | Elf:1    | Found Wopteusas's Distillery.
 33163 | Elf:1    | Bought a potion of invisibility for 128 gold pieces
 33163 | Elf:1    | Bought a potion of curing for 48 gold pieces
 33163 | Elf:1    | Bought 2 potions of haste for 320 gold pieces
 33163 | Elf:1    | Bought a potion of heal wounds for 80 gold pieces
 33163 | Elf:1    | Bought a potion of heal wounds for 80 gold pieces
 33309 | Elf:2    | Received a gift from Okawaru
 33385 | Elf:2    | Found Loxetro's Food Boutique.
 33400 | Elf:2    | Found a runed gate.
 33401 | Elf:2    | Found a runed gate.
 33402 | Elf:2    | Found a runed gate.
 34898 | Elf:2    | Reached skill level 5 in Evocations
 35192 | Elf:3    | Entered Level 3 of the Elven Halls
 35318 | Elf:3    | Found Rostrokh's Jewellery Shop.
 35647 | Elf:3    | Received a gift from Okawaru
 36426 | Shoals:2 | Reached XP level 19. HP: 167/190 MP: 25/25
 37602 | Shoals:3 | Noticed Polyphemus
 37605 | Shoals:3 | Noticed Ilsuiw
 38020 | Shoals:3 | Killed Ilsuiw
 38050 | Shoals:3 | Received a gift from Okawaru
 38743 | Shoals:3 | Killed Polyphemus
 38944 | Shoals:3 | Got a smoking chain mail
 38956 | Shoals:3 | Identified the +1 chain mail "Dautwuupewn" {Str+3} (You
                  | found it on level 3 of the Shoals)
 38968 | Shoals:3 | Found Ovaucis's Magic Scroll Shoppe.
 40564 | Elf:3    | Received a gift from Okawaru
 40609 | Elf:3    | Got an ancient short sword {pierce}
 40867 | Elf:3    | Identified the +9 short sword "Sajafi" {pierce, Dex+4} (You
                  | took it off a deep elf knight on level 3 of the Elven
                  | Halls)
 40892 | Elf:3    | Identified Sif Muna's Compendium of Flying Hexes
 40901 | Elf:3    | Identified Pasuodof's Papyrus of Bewitching Air
 41069 | Elf:3    | Received a gift from Okawaru
 41760 | Depths:1 | Entered Level 1 of the Depths
 41827 | Depths:1 | Received a gift from Okawaru
 42241 | Depths:1 | Noticed a lich
 42257 | Depths:1 | Killed a lich
 42372 | Depths:1 | Found a gateway to Hell.
 42782 | Depths:1 | Received a gift from Okawaru
 42837 | Depths:1 | Reached XP level 20. HP: 123/200 MP: 18/26
 43238 | Depths:1 | Found a gateway to a ziggurat.
 43513 | Depths:1 | Found Utery's Armour Shop.
 43725 | Depths:2 | Received a gift from Okawaru
 43726 | Depths:2 | Got a heavily runed scale mail {god gift}
 43814 | Depths:2 | Identified the +3 scale mail of Summer {rC++} (Okawaru
                  | gifted it to you on level 2 of the Depths)
 44639 | Depths:2 | Got a scorched ivory ring
 44649 | Depths:2 | Identified the ring "Nuxituny" {rPois rF+ rC+ Str-5 Stlth-}
                  | (You took it off a frost giant on level 2 of the Depths)
 44656 | Depths:2 | Identified a scroll of acquirement
 45339 | Depths:2 | Paralysed by something for 4 turns
 45408 | Depths:2 | Found a one-way gate to the infinite horrors of the Abyss.
 45620 | Depths:2 | Got a scorched golden ring
 45770 | Depths:2 | Got a coiled platinum ring
 45770 | Depths:2 | Got a wavering glass ring
 45803 | Depths:2 | Received a gift from Okawaru
 46356 | Lair:2   | Identified the ring "Oriemnaq" {+Blink AC+6 Int+5 Dex+3}
                  | (You took it off a vampire mage on level 2 of the Depths)
 46358 | Lair:2   | Identified the ring of Dahuilapeo {-Tele rF++ rN+++ Int-5
                  | Slay+4} (You took it off a fire giant on level 2 of the
                  | Depths)
 46360 | Lair:2   | Identified the ring of Iskac {rCorr *Drain +Blink rPois
                  | Stlth+} (You took it off a frost giant on level 2 of the
                  | Depths)
 46597 | Orc:2    | Bought a pair of bloodstained boots for 304 gold pieces
 46607 | Orc:2    | Identified the +1 pair of boots of Cyche {rN+ Str+2} (You
                  | bought it in a shop on level 2 of the Orcish Mines)
 46911 | Shoals:4 | Entered Level 4 of the Shoals
 47939 | Shoals:4 | Got a flickering amber ring
 48056 | Shoals:4 | Got a barnacled rune of Zot
 48205 | Shoals:4 | Reached skill level 10 in Evocations
 48228 | Shoals:4 | Received a gift from Okawaru
 48365 | Shoals:4 | Reached XP level 21. HP: 163/207 MP: 25/27
 48767 | Shoals:4 | Identified the ring of Lyhyl {-Tele rPois rF+ AC+2 SInv}
                  | (You took it off a merfolk impaler on level 4 of the
                  | Shoals)
 49595 | Depths:2 | Received a gift from Okawaru
 50497 | Depths:3 | Found a one-way gate leading to the halls of Pandemonium.
 50718 | Depths:3 | Identified The Arcane Arts Continued
 51010 | Depths:4 | Received a gift from Okawaru
 51919 | Depths:4 | Noticed the Enchantress
 51930 | Depths:4 | Killed the Enchantress
 51938 | Depths:4 | Paralysed by a vampire knight for 3 turns
 51964 | Depths:4 | Got faerie dragon scales
 52262 | Depths:4 | Noticed a caustic shrike
 52262 | Depths:4 | Noticed a caustic shrike
 52262 | Depths:4 | Noticed a caustic shrike
 52262 | Depths:4 | Noticed a caustic shrike
 52689 | Depths:4 | Received a gift from Okawaru
 52862 | Depths:4 | Killed a caustic shrike
 52862 | Depths:4 | Received a gift from Okawaru
 53185 | Depths:4 | Noticed a golden dragon
 53194 | Depths:4 | Killed a golden dragon
 53194 | Depths:4 | Received a gift from Okawaru
 53202 | Depths:4 | Noticed a caustic shrike
 53203 | Depths:4 | Noticed a caustic shrike
 53208 | Depths:4 | Noticed a caustic shrike
 53209 | Depths:4 | Killed a caustic shrike
 53210 | Depths:4 | Noticed a caustic shrike
 53215 | Depths:4 | Killed a caustic shrike
 53215 | Depths:4 | Received a gift from Okawaru
 53220 | Depths:4 | Noticed a caustic shrike
 53228 | Depths:4 | Killed a caustic shrike
 53235 | Depths:4 | Killed a caustic shrike
 53241 | Depths:4 | HP: 5/209 [acid (11)]
 53243 | Depths:4 | Mangled by a caustic shrike

Skill      XL: |  1  2  3  4  5  6  7  8  9 10 11 12 13 14 15 16 17 18 19 20 21 |
---------------+----------------------------------------------------------------+-----
Crossbows      | 5 6 7 8 9 10 12 13 | 13.4
Armour         | 1 2 3 4 5 7 8 9 11 12 13 15 16 18 19 21 22 | 22.0
Fighting       | 3 4 5 6 7 9 10 11 12 14 16 18 20 21 22 | 22.4
Dodging        | 3 4 5 6 9 10 12 | 12.4
Polearms       | 1 5 7 9 12 13 14 15 16 19 21 | 21.0
Invocations    | 2 4 5 7 8 9 10 | 10.5
Stealth        | 2 |  2.0
Evocations     | 1 2 3 5 7 10 | 10.4
Maces & Flails | |  0.2

Action                   |  1- 3 |  4- 6 |  7- 9 | 10-12 | 13-15 | 16-18 | 19-21 || total
-------------------------+-------+-------+-------+-------+-------+-------+-------++-------
Melee: Trident           |       |       |   110 |   238 |   415 |   594 |   859 ||  2216
       Headbutt          |       |       |    11 |    45 |    82 |    97 |   188 ||   423
       Punch             |       |       |       |     1 |     2 |     2 |     6 ||    11
       Bardiche          |       |       |       |       |       |       |    81 ||    81
 Fire: Hand crossbow     |    84 |   111 |   286 |   132 |    28 |       |       ||   641
       Arbalest          |       |       |       |   137 |   555 |   654 |   462 ||  1808
Invok: Heroism           |       |       |     1 |     5 |    12 |    10 |    43 ||    71
       Finesse           |       |       |       |     3 |    13 |    11 |    15 ||    42
 Abil: Evoke Blink       |       |       |       |       |       |       |     2 ||     2
       Evoke Invisibilit |       |       |       |       |       |       |     2 ||     2
Evoke: Lamp of fire      |       |       |       |       |     1 |     1 |     4 ||     6
       Wand              |       |       |       |       |       |     3 |     5 ||     8
       Phial of floods   |       |       |       |       |       |       |     4 ||     4
       Phantom mirror    |       |       |       |       |       |       |     1 ||     1
  Use: Scroll            |     3 |     1 |     1 |     8 |    19 |     6 |    14 ||    52
       Potion            |       |     1 |       |     2 |     2 |     6 |    22 ||    33
  Eat: Chunk             |     1 |     5 |    13 |    18 |    33 |    27 |    24 ||   121
       Ration            |       |       |       |       |     2 |     2 |     9 ||    13
Armor: Chain mail        |    19 |    19 |       |       |    55 |   328 |   413 ||   834
       Plate armour      |       |    18 |   122 |   122 |   209 |       |    83 ||   554
Dodge: Dodged            |    23 |    40 |   119 |   109 |   255 |   394 |   616 ||  1556
